 Dungeon Sprint DCSS version 0.24-a0-251-g44e327e (webtiles) character file.

Game seed: 9437521652817693761

25 GEC the Charmwright (level 2, -3/23 HPs)
             Began as a Demonspawn Skald on Apr 16, 2019.
             Slain by an ogre
             ... wielding a cursed -3 giant club
              (26 damage)
             ... in the Dungeon (Sprint I: "Red Sonja").
             The game lasted 00:00:52 (143 turns).

GEC the Charmwright (Demonspawn Skald)               Turns: 143, Time: 00:00:53

Health: -3/23      AC:  3    Str: 11    XL:     2   Next: 82%
Magic:  1/5        EV: 12    Int: 14    God:
Gold:   0          SH:  0    Dex: 12    Spells: 3/6 levels left

rFire    . . .     SeeInvis .   a - +0 mace
rCold    . . .     Gourm    .   (no shield)
rNeg     . . .     Faith    .   b - +0 leather armour
rPois    .         Spirit   .   (no helmet)
rElec    .         Reflect  .   (no cloak)
rCorr    .         Harm     .   (no gloves)
MR       .....     NoTele   +   (no boots)
Stlth    ++........             (no amulet)
HPRegen  0.07/turn              (no ring)
MPRegen  0.09/turn              (no ring)

@: shrouded (expiring), infused
A: nightstalker 1
a: no special abilities


You were in the Dungeon.
You were not hungry.

You visited 1 branch

Inventory:

Hand Weapons
 a - a +0 mace (weapon)
Armour
 b - a +0 leather armour (worn)
Wands
 c - a wand of digging (4)
Scrolls
 j - a scroll of blinking
Potions
 e - a potion of curing
 g - a potion of haste
 h - 2 potions of magic
 i - a potion of berserk rage
Comestibles
 d - a ration
 f - a chunk of flesh


   Skills:
 + Level 2.8 Fighting
 + Level 2.5 Maces & Flails
 + Level 2.0 Armour
 * Level 3.2 Dodging
 + Level 2.7 Spellcasting
 + Level 3.3 Charms


You had 3 spell levels left.
You knew the following spells:

 Your Spells              Type           Power        Failure   Level  Hunger
a - Infusion              Chrm           ##..         8%          1    #......
b - Shroud of Golubria    Chrm/Tloc      #.........   22%         2    ###....

Your spell library contained the following spells:

 Spells                   Type           Power        Failure   Level  Hunger
 Song of Slaying          Chrm           ##......     11%         2    ###....
 Regeneration             Chrm/Necr      #.........   41%         3    ###....
 Spectral Weapon          Hex/Chrm       #.......     41%         3    ###....


Dungeon Overview and Level Annotations

Branches:
Dungeon (1/1)

Altars:


Innate Abilities, Weirdness & Mutations

You are slightly more attuned to the shadows.


Message History

You start resting.
Magic restored.
You start resting.
HP restored.
Casting: Infusion (safe; 8% risk of failure)
Confirm with . or Enter, or press ? or * to list all spells.
Space distorts slightly along a thin shroud covering your body.
Casting: Shroud of Golubria (safe; 22% risk of failure)
Confirm with . or Enter, or press ? or * to list all spells.
You begin infusing your attacks with magical energy.
You open the door.
An ogre comes into view. It is wielding a -3 giant club.
Your shroud begins to fray at the edges.
There is an open door here.
The helpless ogre fails to defend itself.
You hit the ogre!
The ogre is moderately wounded.
The ogre hits you with a cursed -3 giant club!!
Ouch! That really hurt!
You die...

##########
#<.#..'@.#
#..'[.#.O+
#..#####+#
#..# #..#
#..# #⌠⌠#
####


You could see an ogre.

Vanquished Creatures
  Ijyb (D)
1 creature vanquished.

Notes
Turn   | Place    | Note
-------+----------+-------------------------------------------
     0 | D        | GEC the Demonspawn Skald began the quest for the Orb.
     0 | D        | Reached XP level 1. HP: 16/16 MP: 3/3
     2 | D        | Noticed Ijyb
    20 | D        | Killed Ijyb
    20 | D        | Gained mutation: You are slightly more attuned to the
                  | shadows. [demonic ancestry]
    20 | D        | Reached XP level 2. HP: 14/23 MP: 0/5
    29 | D        | Learned a level 2 spell: Shroud of Golubria
   140 | D        | Noticed an ogre
   143 | D        | Slain by an ogre

Levels and vault maps discovered:
D:        dungeon_sprint_1 [red_sonja_temple_1, red_sonja_temple_small_1]

Skill      XL: |  1 |
---------------+----+-----
Maces & Flails | 2 |  2.5
Armour         | 2 |  2.0
Dodging        | 3 |  3.2
Charms         | 3 |  3.3
Fighting       | |  2.8
Spellcasting   | |  2.7

Action                   || total
-------------------------++-------
Melee: Mace              ||    17
 Cast: Infusion          ||     2
       Shroud of Golubri ||     1
  Use: Potion            ||     1
 Stab: Sleeping          ||     1
Armor: Leather armour    ||     3
Dodge: Dodged            ||    10

Table legend:
 A = Non-vault XP
 B = Vault XP
 C = Vault XP percentage of total XP
 D = Non-vault monster count
 E = Vault monster count
 F = Vault count percentage of total count
                 A         B        C        D         E       F
            +---------+---------+-------+---------+---------+-------
      Total |       0 |      36 | 100.0 |       0 |       1 | 100.0
            +---------+---------+-------+---------+---------+-------
          D |       0 |      36 | 100.0 |       0 |       1 | 100.0
            +---------+---------+-------+---------+---------+-------
